 Dungeon Crawl Stone Soup version 0.17-a0-186-g8d083fd (webtiles) character file.

64 mampenburg the Covered (level 4, -1/29 HPs)
             Began as a Gargoyle Fighter on Mar 27, 2015.
             Slain by a gnoll
             ... wielding a +0 halberd
              (10 damage)
             ... on level 2 of the Dungeon.
             The game lasted 00:14:10 (1558 turns).

mampenburg the Covered (Gargoyle Fighter)           Turns: 1558, Time: 00:14:10

Health: -1/29      AC: 10    Str: 20    XL:     4   Next: 12%
Magic:  4/4        EV:  7    Int:  9    God:
Gold:   87         SH:  9    Dex:  9    Spells: 0 memorised, 3 levels left

rFire  . . .     SeeInvis .     a - +0 long sword
rCold  . . .     Clarity  .     b - +0 scale mail
rNeg   + . .     SustAb   .     c - +0 shield
rPois  ∞         Gourm    .     (no helmet)
rElec  +         Spirit   .     (no cloak)
rCorr  .         Warding  .     (no gloves)
rMut   .         Stasis   .     (no boots)
MR     .....                    (no amulet)
Stlth  ..........               (no ring)
                                (no ring)

@: not resistant to hostile enchantments, extremely unstealthy
A: negative energy resistance 1, electricity resistance, unbreathing,
petrification resistance, rot immunity, AC +3
a: no special abilities


You were on level 2 of the Dungeon.
You were very hungry.

You visited 1 branch of the dungeon, and saw 2 of its levels.

You collected 87 gold pieces.

Inventory:

Hand weapons
 a - a +0 long sword (weapon)
Armour
 b - a +0 scale mail (worn)
 c - a +0 shield (worn)
 m - a +0 robe
 n - a +0 leather armour
Scrolls
 f - a scroll of immolation {unknown}
 g - 4 scrolls of remove curse {unknown}
 l - a scroll of amnesia {unknown}
 o - a scroll of enchant weapon {unknown}
 q - a scroll of identify {unknown}
Potions
 e - 2 potions of might
 h - a potion of agility {unknown}
 i - a potion of resistance {unknown}
 k - a potion of lignification {unknown}
 p - a potion of curing {unknown}
Comestibles
 d - 2 bread rations
 j - 9 fruits


   Skills:
 + Level 3.8 Fighting
 + Level 2.5 Long Blades
 + Level 3.8 Armour
 + Level 0.4 Dodging
 + Level 3.7 Shields


You had 3 spell levels left.
You didn't know any spells.

Dungeon Overview and Level Annotations

Branches:
Dungeon (2/15)

Altars:


Innate Abilities, Weirdness & Mutations

You are resistant to torment.
You are immune to poison.
Your stone body is very resilient (AC +3).
You resist negative energy.
You are resistant to electric shocks.
You can survive without breathing.
You are immune to petrification.
You are immune to rotting.


Message History

The gnoll is heavily wounded.
The gnoll hits you from afar with a halberd!
You block the gnoll's attack.
You hit the gnoll.
The gnoll is severely wounded.
The gnoll hits you but does no damage. You block the gnoll's attack.
You barely miss the gnoll.
The gnoll is severely wounded.
The gnoll hits you but does no damage.
The gnoll hits you from afar with a halberd.
You hit the gnoll.
The gnoll is almost dead.
The gnoll hits you with a flail. The gnoll barely misses you.
The gnoll closely misses you. You block the gnoll's attack.
You hit the gnoll.
You kill the gnoll!
You have reached level 4!
You feel clever.
The gnoll hits you from afar with a halberd!
You die...

... ... ## ## ...
#.# #.# ...
#.###.# #.#
#.#.#### #g#
#.....# #g# ##
#.###.###)###...#
#.# #....@....#
##.#
#.....###...#
#..# #.###.# #
#..# #.#
#......... #..#
#.# #.####.##.# .
#..# #.. ..# #
#.# .# #..# ###
#.# #. [.. .#
#..# #.# .##.# .#
#..# #.. ..... .#


You could see 2 gnolls.

Vanquished Creatures
  A gnoll (D:2)
  An adder (D:2)
  A worm (D:1)
  2 giant geckos (D:1)
  An ooze (D:1)
  A bat (D:1)
  2 giant cockroaches (D:1)
  4 goblins (D:1)
  5 hobgoblins
  4 jackals (D:1)
  2 ball pythons (D:1)
  2 giant newts (D:1)
  4 kobolds (D:1)
  4 rats (D:1)
34 creatures vanquished.

Notes
Turn   | Place    | Note
--------------------------------------------------------------
     0 | D:1      | mampenburg, the Gargoyle Fighter, began the quest for the Orb.
     0 | D:1      | Reached XP level 1. HP: 14/14 MP: 1/1
   162 | D:1      | Reached XP level 2. HP: 17/19 MP: 2/2
   532 | D:1      | Reached XP level 3. HP: 19/24 MP: 3/3
  1558 | D:2      | Reached XP level 4. HP: 9/29 MP: 4/4
  1558 | D:2      | Slain by a gnoll

Action                   |  1- 3 |  4- 6 || total
-------------------------+-------+-------++-------
Melee: Long sword        |   102 |       ||   102
  Eat: Fruit             |     1 |       ||     1
